 Dungeon Crawl Stone Soup version 0.28-a0-674-gdaf460b524 (webtiles) character file.

Game seed: 5442036044196762412

254 avis the Insei (level 6, 0/42 HPs)
             Began as an Octopode Transmuter on Oct 17, 2021.
             Was an Initiate of Gozag.
             Shot with a stone by a goblin (2 damage)
             ... on level 3 of the Dungeon.
             The game lasted 00:21:10 (3910 turns).

avis the Insei (Octopode Transmuter)                Turns: 3910, Time: 00:21:10

Health: 0/42       AC:  1    Str: 12    XL:     6   Next: 15%
Magic:  6/9        EV: 13    Int: 15    God:    Gozag
Gold:   361        SH:  0    Dex: 12    Spells: 1/9 levels left

rFire   . . .      SeeInvis .   a - +1 short sword (speed)
rCold   . . .      Faith    .   (no shield)
rNeg    . . .      Spirit   .   (helmet restricted)
rPois   .          Reflect  .   (no amulet)
rElec   .          Harm     .   (no ring)
rCorr   .          Rampage  .   (no ring)
Will    .....                   (no ring)
Stlth   +++.......              (no ring)
HPRegen 0.14/turn               (no ring)
MPRegen 0.11/turn               (no ring)
                                (no ring)
                                (no ring)

@: very slightly contaminated
A: almost no armour, amphibious, 8 rings, camouflage 1, gelatinous body 1,
(nimble swimmer 1), tentacles
a: Renounce Religion, Potion Petition, Call Merchant, Bribe Branch


You were on level 3 of the Dungeon.
You worshipped Gozag.
Gozag was aware of your devotion.
You visited 1 branch of the dungeon, and saw 3 of its levels.

You collected 433 gold pieces.
You paid 72 gold pieces to Gozag.

Inventory:

Hand Weapons
 a - a +1 short sword of speed (weapon)
 k - a +0 hunting sling
Missiles
 c - 164 stones
 h - 23 poisoned darts
 j - 21 arrows
 l - 3 boomerangs of dispersal
 m - 25 sling bullets
Jewellery
 g - an amulet of guardian spirit
Wands
 i - a wand of acid (9)
Scrolls
 b - 2 scrolls of amnesia {unknown}
 d - 2 scrolls of magic mapping {unknown}
 e - 2 scrolls of identify {unknown}
 f - a scroll of summoning {unknown}


   Skills:
 - Level 3.0 Fighting
 - Level 2.0 Dodging
 - Level 2.0 Stealth
 * Level 5.2 Unarmed Combat
 - Level 2.0 Spellcasting
 - Level 3.0 Transmutations


You had one spell level left.
You knew the following spells:

 Your Spells              Type           Power      Damage    Failure   Level
a - Beastly Appendage     Tmut           20%        N/A       6%          1
p - Spider Form           Tmut/Pois      3%         N/A       34%         3
q - Ice Form              Ice/Tmut       6%         N/A       75%         4

Your spell library contained the following spells:

 Spells                   Type           Power      Damage    Failure   Level
 Wereblood                Tmut           10%        N/A       10%         2


Dungeon Overview and Level Annotations

Branches:
Dungeon (3/15)

Altars:
Elyvilon
Gozag
Yredelemnul


Innate Abilities, Weirdness & Mutations

You cannot wear most types of armour.
You are amphibious.
You can wear up to eight rings at the same time.
Your skin changes colour to match your surroundings (Stealth+).
Your rubbery body absorbs attacks. (AC +1, EV +1)
((You are camouflaged near water. (Stealth+)))
You have tentacles for arms and can constrict up to eight enemies at once.


Message History

You squeeze the goblin, but do no damage.
The goblin is severely wounded.
You constrict the goblin.
You kill the goblin!
A goblin comes into view. It is wielding a +0 hunting sling.
Things that are here:
4 gold pieces; a +0 club A gnoll comes into view.
It is wielding a +0 spear.
The goblin shouts!
The gnoll shouts!
The goblin shoots a stone.
The stone hits you.
The goblin shoots a stone.
The stone closely misses you. The gnoll hits you with a +0 spear.
You barely miss the gnoll.
The goblin shouts!
Your grab misses the gnoll. The gnoll hits you with a +0 spear!
The goblin shoots a stone.
The stone hits you.
The goblin shoots a stone.
The stone hits you.
Casting: Beastly Appendage (safe; 6% risk of failure)
Confirm with . or Enter, or press ? or * to list all spells.
The spell is quite dangerous to cast (34% risk of failure)!
Continue anyway?
You miscast Spider Form.
You are very lightly contaminated with residual magic.
You feel rather nauseous for a moment!
You are poisoned.
* * * LOW HITPOINT WARNING * * *
Your tentacle spike disappears.
You feel sick. The gnoll hits you with a +0 spear.
* * * LOW HITPOINT WARNING * * *
You aren't carrying any potions.
You feel sick. The gnoll closely misses you.
The goblin shoots a stone.
The stone hits you but does no damage.
You feel sick.
The goblin shoots a stone.
The stone barely misses you.
The goblin shoots a stone.
The stone misses you.
You feel sick.
The goblin shoots a stone.
The stone misses you.
You feel sick.
You are no longer poisoned.
The gnoll misses you.
The goblin shoots a stone.
The stone hits you.
You die...
Your body crumbles into a pile of gold.

#######################
≈≈≈≈≈≈≈≈≈≈≈≈≈≈≈≈≈≈≈≈≈≈########
≈≈≈≈≈≈≈≈≈≈≈≈≈≈≈≈≈≈≈≈≈≈≈≈≈≈≈≈≈####
≈≈≈≈≈≈≈≈≈≈≈≈≈≈≈≈≈≈≈≈≈≈≈#####≈≈≈≈#
######################## #≈≈≈≈≈
#.....))#..............# #≈≈≈≈≈
#.....).+.......@.g....# #≈≈≈≈≈
#########........$.....##+##≈≈≈≈≈
.#..........########gg....#≈≈≈≈≈≈
.'..........# #......#≈≈≈≈≈≈
.#..........##### #......#≈≈≈≈≈≈
#########..............##+##≈≈≈≈≈
#....)).+..............#$$$#≈≈≈≈≈
#.)...).#..............#$$$#≈≈≈≈≈
########################$$$#≈≈≈≈≈


You could see a gnoll and 2 goblins.

Vanquished Creatures
  A necrophage (D:2)
  3 gnolls (D:3)
  3 adders
  2 worms (D:3)
  A dart slug (D:2)
  4 ball pythons
  A bat (D:1)
  6 endoplasms
  A giant cockroach (D:3)
  23 hobgoblins
  3 jackals (D:1)
  4 quokkas (D:2)
  A frilled lizard (D:2)
  26 goblins
  8 kobolds
  10 rats
97 creatures vanquished.

Notes
Turn   | Place    | Note
-------+----------+-------------------------------------------
     0 | D:1      | avis the Octopode Transmuter began the quest for the Orb.
     0 | D:1      | Reached XP level 1. HP: 13/13 MP: 3/3
   103 | D:1      | Reached skill level 1 in Stealth
   463 | D:1      | Reached XP level 2. HP: 18/18 MP: 3/5
  1121 | D:2      | Reached XP level 3. HP: 23/23 MP: 6/6
  1251 | D:2      | Reached skill level 4 in Unarmed Combat
  1608 | D:2      | Noticed a necrophage
  1616 | D:2      | Killed a necrophage
  1617 | D:2      | Reached skill level 5 in Unarmed Combat
  1617 | D:2      | Reached XP level 4. HP: 27/29 MP: 5/7
  1617 | D:2      | Reached XP level 5. HP: 32/34 MP: 5/8
  1727 | D:2      | Found a faded altar of an unknown god.
  1835 | D:2      | Learned a level 3 spell: Spider Form
  1840 | D:2      | Learned a level 4 spell: Ice Form
  2271 | D:3      | Found a basalt altar of Yredelemnul.
  2307 | D:3      | Found an opulent altar of Gozag.
  2326 | D:3      | Became a worshipper of Gozag Ym Sagoz the Greedy
  2456 | D:3      | Found a white marble altar of Elyvilon.
  3473 | D:3      | Reached XP level 6. HP: 33/42 MP: 9/9
  3908 | D:3      | HP: 2/42 [poisoned by miscasting Spider Form]
  3910 | D:3      | Shot with a stone by a goblin

Illustrated notes

Levels and vault maps discovered:
D:1:      psy_arrival_statuary, layout_loops_cross
D:2:      layout_basic, basic_ecumenical_altar
D:3:      minmay_goblin_kobold_castle, layout_basic,
          lemuel_coloured_pillars_altar, kennysheep_ying_yang,
          nicolae_gozag_cash_rules_everything_around_me

Skill      XL: |  1  2  3  4  5 |
---------------+----------------+-----
Stealth        | 2 |  2.0
Unarmed Combat | 5 |  5.2
Fighting       | 2 3 |  3.0
Transmutations | 3 |  3.0
Dodging        | |  2.0
Spellcasting   | |  2.0

Action                   |  1- 3 |  4- 6 || total
-------------------------+-------+-------++-------
Melee: Unarmed           |    14 |     3 ||    17
       Constrict         |    19 |    32 ||    51
       Kick              |    13 |    28 ||    41
       Tentacles         |    11 |    17 ||    28
       Short sword       |    58 |    98 ||   156
       Punch             |     1 |     3 ||     4
 Cast: Beastly Appendage |    24 |    30 ||    54
       Spider Form       |       |     1 ||     1
 Stab: Sleeping          |    11 |     2 ||    13
Armor: Skin              |     2 |     4 ||     6
Dodge: Dodged            |    29 |    86 ||   115

Table legend: (Time is in decaauts)
 A = Elapsed time spent in this place.
 B = Non-inter-level travel time spent in this place.
 C = Inter-level travel time spent in this place.
 D = Time resting spent in this place.
 E = Time spent auto-exploring this place.
 F = Levels seen in this place.
 G = Mean time per level.
                   A        B        C        D        E       F      G
               +--------+--------+--------+--------+--------+-----+--------+
         Total |   3872 |   3662 |    210 |   1074 |   1138 |   3 | 1290.7 |
       Dungeon |   3872 |   3662 |    210 |   1074 |   1138 |   3 | 1290.7 |
               +--------+--------+--------+--------+--------+-----+--------+

Top non-repeatable levels by time:
     D:3: 1883 daAuts
     D:1: 1157 daAuts
     D:2: 831 daAuts
